MLB
NEW YORK (N) METS @ JACKSONVILLE BOMBERS
05/19/2042
 
TOP OF THE 1ST
New York (N) Mets batting - Pitching for Jacksonville Bombers : RHP Dan Mooney
Pitching: RHP Dan Mooney
Batting: RHB Pat Rice 0-0: Fly out, F7 (Flyball, 7, EV 85.6 MPH)
Batting: RHB Eric Fairchild 0-0: Ball
1-0: Called Strike
1-1: Foul Ball, location: 3F, Error on foul ball, E3
1-2: Ball
2-2: Ball
3-2: Fly out, F8 (Line Drive, 8RM, EV 89.4 MPH)
Batting: LHB Danny Kerr 0-0: Swinging Strike
0-1: Swinging Strike
0-2: Strikes out looking
Top of the 1st over - 0 runs, 0 hits, 1 error, 0 left on base; New York (N) 0 - Jacksonville 0
BOTTOM OF THE 1ST
Jacksonville Bombers batting - Pitching for New York (N) Mets : LHP Mario Cruz
Pitching: LHP Mario Cruz
Batting: LHB Dave Minor 0-0: Called Strike
0-1: Foul Ball, location: 2F
0-2: Strikes out looking
Batting: RHB Jim Brown 0-0: Swinging Strike
0-1: Ground out 4-3 (Groundball, 4M, EV 86.3 MPH)
Batting: RHB José Alonso 0-0: Ball
1-0: Called Strike
1-1: Ball
2-1: Fly out, F7 (Flyball, 7LM, EV 97.5 MPH)
Bottom of the 1st over - 0 runs, 0 hits, 0 errors, 0 left on base; New York (N) 0 - Jacksonville 0
TOP OF THE 2ND
New York (N) Mets batting - Pitching for Jacksonville Bombers : RHP Dan Mooney
Batting: RHB Ottavio Attene 0-0: Ball
1-0: Called Strike
1-1: Ball
2-1: Ball
3-1: Base on Balls
Batting: RHB Jeff Ford 0-0: Ball
1-0: Foul Ball, location: 2LF
1-1: Called Strike
Ottavio Attene steals 2nd base
1-2: Strikes out looking
Batting: LHB Joel Wright 0-0: Fly out, F3 (Line Drive, 3L, EV 56.9 MPH)
Batting: LHB Jim Bond 0-0: Ball
1-0: Foul Ball, location: 23F
1-1: Fly out, F8 (Flyball, 8RM, EV 97.5 MPH)
Top of the 2nd over - 0 runs, 0 hits, 0 errors, 1 left on base; New York (N) 0 - Jacksonville 0
BOTTOM OF THE 2ND
Jacksonville Bombers batting - Pitching for New York (N) Mets : LHP Mario Cruz
Batting: RHB Jeremie Gentileschi 0-0: Ground out 6-3 (Groundball, 6, EV 76.9 MPH)
Batting: SHB Kevin Tucker 0-0: Foul Ball, location: 9LDF
0-1: Foul Ball, location: 2F
0-2: Ground out 1-3 (Groundball, 15S, EV 66.3 MPH)
Batting: LHB Héctor González 0-0: Foul Ball, location: 7LMF
0-1: SINGLE (Groundball, 4MD, EV 94.4 MPH)
Batting: RHB Al Griffin 0-0: Ball
1-0: Ball
2-0: Ball
3-0: Called Strike
3-1: Called Strike
3-2: Strikes out swinging
Bottom of the 2nd over - 0 runs, 1 hit, 0 errors, 1 left on base; New York (N) 0 - Jacksonville 0
TOP OF THE 3RD
New York (N) Mets batting - Pitching for Jacksonville Bombers : RHP Dan Mooney
Batting: RHB Don Cole 0-0: Called Strike
0-1: Ball
1-1: Called Strike
1-2: SINGLE (Groundball, 34D, EV 97.5 MPH)
Batting: RHB Jeremy Lowe 0-0: Ball
1-0: Sac Bunt to 13 - play at first, batter OUT! 1-3
Don Cole to second
Batting: RHB Pat Rice 0-0: Swinging Strike
0-1: Ball
1-1: Ground out 6-3 (Groundball, 6, EV 103.1 MPH)
Don Cole to third
Batting: RHB Eric Fairchild 0-0: Foul Ball, location: 5F
0-1: Ball
1-1: Ball
2-1: Fly out, F4 (Popup, 3D, EV 51.9 MPH)
Top of the 3rd over - 0 runs, 1 hit, 0 errors, 1 left on base; New York (N) 0 - Jacksonville 0
BOTTOM OF THE 3RD
Jacksonville Bombers batting - Pitching for New York (N) Mets : LHP Mario Cruz
Batting: RHB Pat Mayer 0-0: Ball
1-0: Called Strike
1-1: Called Strike
1-2: Foul Ball, location: 3SF
1-2: Strikes out looking
Batting: LHB Juan Novoa 0-0: Called Strike
0-1: Swinging Strike
0-2: Strikes out swinging
Batting: LHB Dave Minor 0-0: Ground out U3 (Groundball, 34, EV 105.0 MPH)
Bottom of the 3rd over - 0 runs, 0 hits, 0 errors, 0 left on base; New York (N) 0 - Jacksonville 0
TOP OF THE 4TH
New York (N) Mets batting - Pitching for Jacksonville Bombers : RHP Dan Mooney
Batting: LHB Danny Kerr 0-0: Foul Ball, location: 7LSF
0-1: Ball
1-1: Fly out, F5 (Popup, 25, EV 87.5 MPH)
Batting: RHB Ottavio Attene 0-0: Ball
1-0: Called Strike
1-1: Swinging Strike
1-2: Ball
2-2: Strikes out swinging
Batting: RHB Jeff Ford 0-0: Ball
1-0: Foul Ball, location: 3SF
1-1: Foul Ball, location: 2F
1-2: Ground out 5-3 (Groundball, 56, EV 88.1 MPH)
Top of the 4th over - 0 runs, 0 hits, 0 errors, 0 left on base; New York (N) 0 - Jacksonville 0
BOTTOM OF THE 4TH
Jacksonville Bombers batting - Pitching for New York (N) Mets : LHP Mario Cruz
Batting: RHB Jim Brown 0-0: Called Strike
0-1: Ground out U3 (Groundball, 3, EV 100.0 MPH)
Batting: RHB José Alonso 0-0: Ball
1-0: Ball
2-0: DOUBLE (Line Drive, 3D, EV 106.9 MPH)
Batting: RHB Jeremie Gentileschi 0-0: Ground out 6-3 (Groundball, 6, EV 91.3 MPH)
José Alonso to third
Batting: SHB Kevin Tucker 0-0: Ball
1-0: Ball
2-0: Ground out 4-3 (Groundball, 4, EV 105.6 MPH)
Bottom of the 4th over - 0 runs, 1 hit, 0 errors, 1 left on base; New York (N) 0 - Jacksonville 0
TOP OF THE 5TH
New York (N) Mets batting - Pitching for Jacksonville Bombers : RHP Dan Mooney
Batting: LHB Joel Wright 0-0: Called Strike
0-1: Ball
1-1: Ground out 4-3 (Groundball, 4, EV 78.8 MPH)
Batting: LHB Jim Bond 0-0: Foul Ball, location: 3F
0-1: SINGLE (Flyball, 56D, EV 96.9 MPH)
Batting: RHB Don Cole 0-0: Swinging Strike
0-1: Ball
1-1: Ball
2-1: Called Strike
2-2: Fly out, F8 (Flyball, 8RS, EV 80.6 MPH)
Batting: RHB Jeremy Lowe 0-0: Called Strike
0-1: Called Strike
0-2: Foul Ball, location: 2F
0-2: Strikes out swinging
Top of the 5th over - 0 runs, 1 hit, 0 errors, 1 left on base; New York (N) 0 - Jacksonville 0
BOTTOM OF THE 5TH
Jacksonville Bombers batting - Pitching for New York (N) Mets : LHP Mario Cruz
Batting: LHB Héctor González 0-0: Ball
1-0: Ball
2-0: Called Strike
2-1: Ground out 2-3 (Groundball, 2R, EV 61.3 MPH)
Batting: RHB Al Griffin 0-0: SINGLE (Groundball, 56D, EV 80.0 MPH) (infield hit)
Batting: RHB Pat Mayer 0-0: Called Strike
0-1: Called Strike
0-2: Ball
1-2: Strikes out swinging
Al Griffin steals 2nd base
Batter strikes out.
Batting: LHB Juan Novoa 0-0: Ball
1-0: Ground out 6-3 (Groundball, 6S, EV 84.4 MPH)
Bottom of the 5th over - 0 runs, 1 hit, 0 errors, 1 left on base; New York (N) 0 - Jacksonville 0
TOP OF THE 6TH
New York (N) Mets batting - Pitching for Jacksonville Bombers : RHP Dan Mooney
Batting: RHB Pat Rice 0-0: Ball
1-0: Swinging Strike
1-1: Foul Ball, location: 9LMF
1-2: Strikes out swinging
Batting: RHB Eric Fairchild 0-0: Swinging Strike
0-1: Ball
1-1: Swinging Strike
1-2: Foul Ball, location: 9LDF
1-2: Ball
2-2: Ground out 5-3 (Groundball, 56, EV 85.0 MPH)
Batting: LHB Danny Kerr 0-0: Ball
1-0: Ball
2-0: Swinging Strike
2-1: Foul Ball, location: 3F
2-2: Ground out 1-3 (Groundball, 13S, EV 61.3 MPH)
Top of the 6th over - 0 runs, 0 hits, 0 errors, 0 left on base; New York (N) 0 - Jacksonville 0
BOTTOM OF THE 6TH
Jacksonville Bombers batting - Pitching for New York (N) Mets : LHP Mario Cruz
Batting: LHB Dave Minor 0-0: Foul Ball, location: 7LMF
0-1: Swinging Strike
0-2: Foul Ball, location: 3F
0-2: Strikes out looking
Batting: RHB Jim Brown 0-0: Ground out U3 (Groundball, 34, EV 93.1 MPH)
Batting: RHB José Alonso 0-0: Swinging Strike
0-1: Ball
1-1: Foul Ball, location: 9LMF
1-2: Fly out, F8 (Flyball, 8LXD, EV 85.6 MPH)
Bottom of the 6th over - 0 runs, 0 hits, 0 errors, 0 left on base; New York (N) 0 - Jacksonville 0
TOP OF THE 7TH
New York (N) Mets batting - Pitching for Jacksonville Bombers : RHP Dan Mooney
Batting: RHB Ottavio Attene 0-0: Fly out, F9 (Line Drive, 9, EV 92.5 MPH)
Batting: RHB Jeff Ford 0-0: Foul Ball, location: 5FF
0-1: Ball
1-1: Called Strike
1-2: Strikes out looking
Batting: LHB Joel Wright 0-0: Ball
1-0: SINGLE (Line Drive, 78S, EV 103.1 MPH)
Batting: LHB Jim Bond 0-0: Ball
1-0: Called Strike
1-1: Called Strike
1-2: Strikes out swinging
Top of the 7th over - 0 runs, 1 hit, 0 errors, 1 left on base; New York (N) 0 - Jacksonville 0
BOTTOM OF THE 7TH
Jacksonville Bombers batting - Pitching for New York (N) Mets : LHP Mario Cruz
Batting: RHB Jeremie Gentileschi 0-0: Ball
1-0: Ball
2-0: Foul Ball, location: 2F
2-1: Swinging Strike
2-2: Ball
3-2: DOUBLE (Line Drive, 3D, EV 100.0 MPH)
Batting: SHB Kevin Tucker 0-0: Intentional Walk
Batting: LHB Héctor González 0-0: Swinging Strike
0-1: Swinging Strike
0-2: Strikes out swinging
Batting: RHB Al Griffin 0-0: Ball
1-0: SINGLE (Groundball, 4MD, EV 103.8 MPH)
Jeremie Gentileschi to third
Kevin Tucker to second
Runner from 3rd tries for Home, SAFE, throw by CF to home
Batting: RHB Pat Mayer 0-0: Ball
Kevin Tucker is caught stealing 3rd base 2-5
Al Griffin to second
1-0: Called Strike
1-1: Swinging Strike
1-2: Ground out 5-3 (Groundball, 56S, EV 66.3 MPH)
Bottom of the 7th over - 1 run, 2 hits, 0 errors, 1 left on base; New York (N) 0 - Jacksonville 1
TOP OF THE 8TH
New York (N) Mets batting - Pitching for Jacksonville Bombers : RHP Dan Mooney
Batting: RHB Don Cole 0-0: Ball
1-0: Ball
2-0: Ball
3-0: Called Strike
3-1: Called Strike
3-2: DOUBLE (Groundball, 5L, EV 101.9 MPH)
Batting: RHB Jeremy Lowe 0-0: DOUBLE (Line Drive, 89D, EV 106.9 MPH)
Don Cole scores
Batting: RHB Pat Rice 0-0: Intentional Walk
Batting: RHB Eric Fairchild 0-0: Called Strike
0-1: SINGLE (Flyball, 6MD, EV 85.0 MPH)
Jeremy Lowe to third
Pat Rice to second
Batting: LHB Danny Kerr 0-0: Ball
1-0: Fly out, F6 (Popup, 4M, EV 59.4 MPH)
Batting: RHB Ottavio Attene 0-0: Grounds into fielders choice 5-2 (Groundball, 5S, EV 68.8 MPH)
Pat Rice to third
Eric Fairchild to second
Batting: RHB Jeff Ford 0-0: DOUBLE (Line Drive, 5D, EV 104.4 MPH)
Pat Rice scores
Eric Fairchild scores
Ottavio Attene to third
Runner from 3rd tries for Home, SAFE, no throw by LF
Batting: LHB Joel Wright 0-0: Ball
1-0: Ball
2-0: Ball
3-0: Base on Balls
Pitching: RHP Joe Williams
Batting: LHB Jim Bond 0-0: Fly out, F9 (Flyball, 9LS, EV 90.6 MPH)
Top of the 8th over - 4 runs, 4 hits, 0 errors, 2 left on base; New York (N) 4 - Jacksonville 1
BOTTOM OF THE 8TH
Jacksonville Bombers batting - Pitching for New York (N) Mets : LHP Mario Cruz
Batting: LHB Juan Novoa 0-0: Ball
1-0: Foul Ball, location: 7LDF
1-1: Ball
2-1: Called Strike
2-2: Foul Ball, location: 5F
2-2: Fly out, F7 (Line Drive, 78M, EV 100.0 MPH)
Batting: LHB Dave Minor 0-0: Called Strike
0-1: Foul Ball, location: 2LF
0-2: Fly out, F9 (Flyball, 9LM, EV 96.3 MPH)
Batting: RHB Jim Brown 0-0: Ball
1-0: Foul Ball, location: 25FF
1-1: Foul Ball, location: 2F
1-2: Foul Ball, location: 2F
1-2: Strikes out swinging
Bottom of the 8th over - 0 runs, 0 hits, 0 errors, 0 left on base; New York (N) 4 - Jacksonville 1
TOP OF THE 9TH
New York (N) Mets batting - Pitching for Jacksonville Bombers : RHP Joe Williams
Batting: RHB Don Cole 0-0: Called Strike
0-1: Swinging Strike
0-2: Foul Ball, location: 3FF
0-2: Ball
1-2: Strikes out swinging
Batting: RHB Jeremy Lowe 0-0: Ground out 5-3 (Groundball, 56S, EV 66.9 MPH)
Batting: RHB Pat Rice 0-0: SINGLE (Flyball, 6D, EV 96.3 MPH)
Batting: RHB Eric Fairchild 0-0: Ball
1-0: SINGLE (Line Drive, 9S, EV 88.8 MPH)
Pat Rice to second
Batting: LHB Danny Kerr 0-0: Ball
1-0: Called Strike
1-1: Swinging Strike
1-2: Strikes out swinging
Top of the 9th over - 0 runs, 2 hits, 0 errors, 2 left on base; New York (N) 4 - Jacksonville 1
BOTTOM OF THE 9TH
Jacksonville Bombers batting - Pitching for New York (N) Mets : LHP Mario Cruz
Pitching: RHP Kinnosuke Arai
Batting: RHB José Alonso 0-0: Called Strike
0-1: Ball
1-1: Ground out 5-3 (Groundball, 56S, EV 85.0 MPH)
Batting: RHB Jeremie Gentileschi 0-0: Ball
1-0: Ball
2-0: Foul Ball, location: 3F
2-1: Ball
3-1: Called Strike
3-2: Base on Balls
Batting: SHB Kevin Tucker 0-0: Ball
1-0: SINGLE (Flyball, 78S, EV 92.5 MPH)
Jeremie Gentileschi to second
Batting: LHB Héctor González 0-0: Foul Ball, location: 7LMF
0-1: Foul Ball, location: 2F
0-2: Ball
1-2: Ball
2-2: Ball
3-2: Fly out, F8 (Flyball, 8LXD, EV 108.1 MPH)
Runner from 2nd tags up, SAFE at 3rd, no throw by CF
Batting: RHB Al Griffin 0-0: Called Strike
0-1: Swinging Strike
0-2: Ball
1-2: SINGLE (Groundball, 34D, EV 103.1 MPH)
Jeremie Gentileschi scores
Kevin Tucker to second
Batting: RHB Pat Mayer 0-0: Called Strike
0-1: Swinging Strike
0-2: Strikes out swinging
Bottom of the 9th over - 1 run, 2 hits, 0 errors, 2 left on base; New York (N) 4 - Jacksonville 2
Monday, April 29th , 2024 - OOTP Baseball 24.10 Build 82